 Dungeon Crawl Stone Soup version 0.31-a0-180-g519b7de00c (webtiles) character file.

Game seed: 8956266477648698155

228 qw the Chopper (level 6, -1/38 HPs)
             Began as a Gargoyle Fighter on June 19, 2023.
             Slain by a gnoll
             ... wielding a +0 spear
             ... led by a gnoll bouda
              (5 damage)
             ... on level 4 of the Dungeon.
             The game lasted 00:01:33 (2628 turns).

qw the Chopper (Gargoyle Fighter)                   Turns: 2628, Time: 00:01:33

Health: -1/38      AC: 14    Str: 22    XL:     6   Next: 2%
Magic:  6/6        EV:  8    Int:  8    God:
Gold:   138        SH:  4    Dex:  9    Spells: 5/5 levels left

rFire   . . .        Y - +0 war axe
rCold   . . .        c - +0 buckler
rNeg    + . .        h - +0 chain mail
rPois   inf          (no helmet)
rElec   +            (no cloak)
rCorr   .            r - +0 pair of gloves
SInv    .            (no boots)
Will    .....        a - amulet of faith Stlth
                     (no ring)
HPRegen 0.26/turn    (no ring)
MPRegen 0.10/turn

%: faith
@: no status effects
A: sickness immunity, AC +4, negative energy resistance 1, electricity
resistance, torment resistance 1, petrification resistance
a: no special abilities


You were on level 4 of the Dungeon.
You visited 1 branch of the dungeon, and saw 4 of its levels.

You collected 237 gold pieces.
You spent 99 gold pieces at shops.


Innate Abilities, Weirdness & Mutations

You are immune to sickness and miasma.
Your stone body is resilient. (AC +4)
You are immune to poison.
You resist negative energy. (rN+)
You are resistant to electric shocks. (rElec)
You are resistant to unholy torment.
You are immune to petrification.


   Skills:
 + Level 3.9 Fighting
 - Level 5.0 Axes
 - Level 1.0 Throwing
 - Level 3.2 Armour
 - Level 3.2 Shields


You had 5 spell levels left.
You didn't know any spells.
Your spell library was empty.

Inventory:

Hand Weapons
 g - a +0 whip
 Y - a +0 war axe (weapon)
Missiles
 e - 3 boomerangs
 n - 2 javelins (quivered)
Armour
 c - a +0 buckler (worn)
 h - a +0 chain mail (worn)
 r - a +0 pair of gloves (worn)
Jewellery
 a - an amulet of faith (around neck)
Scrolls
 p - a scroll of identify
Potions
 d - a potion of might
 i - a potion of lignification {unknown}

Dungeon Overview and Level Annotations

Branches:
Dungeon (4/15)
 Temple: D:4-7

Altars:
Gozag
Trog
Yredelemnul

Shops:
D:3 ?

Annotations:
D:4 Pikel


Message History

Your Axes skill increases to level 5!
You slash the gnoll bouda!
The gnoll bouda is almost dead.
You hit the gnoll.
The gnoll bouda hits you but does no damage.
The gnoll hits you but does no damage. The gnoll closely misses you.
You block the gnoll's attack.
You closely miss the gnoll bouda.
The gnoll bouda is almost dead.
You closely miss the gnoll. The gnoll barely misses you.
The gnoll hits you but does no damage.
The gnoll hits you from afar with a +0 halberd.
You block the gnoll bouda's attack.
The gnoll bouda gazes fiercely through you!
You feel your attacks grow feeble. The gnoll closely misses you. x2
You hit the gnoll bouda but do no damage.
The gnoll bouda is almost dead.
You slash the gnoll!
You kill the gnoll!
The gnoll barely misses you. x2
You slash the gnoll bouda!
You kill the gnoll bouda!
The gnoll hits you but does no damage. The gnoll barely misses you.
You have reached level 6!
You block the gnoll's attack. x2
You see here a +0 club.
You barely miss the gnoll. You hit the gnoll.
The gnoll hits you but does no damage. The gnoll hits you with a +0 halberd!
You slash the gnoll!
The gnoll is almost dead.
You barely miss the gnoll. The gnoll barely misses you.
The gnoll hits you with a +0 halberd. You block the gnoll's attack.
The gnoll barely misses you.
You barely miss the gnoll.
The gnoll is almost dead.
You closely miss the gnoll.
Your attacks no longer feel as feeble.
The gnoll hits you but does no damage. The gnoll hits you with a +0 spear.
You die...

### ####### #### ## #..
......##...### .# #.###
#...........## .# #.#..
.....#....... .# #.#.#
#...g...... .#
#.#.###+##))@g......
.####.#.#.......#.###.##
## ........'.......#...
.. .####.#.#.......#..##
.. ................#..#
.####.#.#....$..#..# .#
#............... .#
###+##..#...#... .#
#..#...#....


You could see 2 gnolls.

Vanquished Creatures
  3 lemures (D:4)
  A hound (D:3)
  A gnoll bouda (D:4)
  An iguana (D:4)
  An orc wizard (D:3)
  2 gnolls (D:4)
  An adder (D:2)
  A worm (D:2)
  4 orcs
  4 ball pythons
  7 endoplasms
  5 giant cockroaches
  9 goblins
  7 hobgoblins
  4 quokkas
  11 bats
  7 frilled lizards
  6 kobolds
  10 rats
85 creatures vanquished.

Notes
Turn   | Place    | Note
-------+----------+-------------------------------------------
     0 | D:1      | qw the Gargoyle Fighter began the quest for the Orb.
     0 | D:1      | Reached XP level 1. HP: 14/14 MP: 1/1
     0 | D:1      | 0 ||| qw: Version: 0.3-a-7-ge0c9b40
     0 | D:1      | 0 ||| qw: Game counter: 1063
     0 | D:1      | 0 ||| qw: Always use a shield: true
     0 | D:1      | 0 ||| qw: God list: Okawaru
     0 | D:1      | 0 ||| qw: Allow faded altars: false
     0 | D:1      | 0 ||| qw: Do Orc after D:15 true
     0 | D:1      | 0 ||| qw: Do second Lair branch before Depths: true
     0 | D:1      | 0 ||| qw: Lair rune preference: random
     0 | D:1      | 0 ||| qw: Plans: Normal, Zot:1-4, Slime:5, God:TSO, Crypt,
                  | Tomb, Abyss, Pan, Hells, Win
     0 | D:1      | 0 ||| PLANNING D:1-11
   121 | D:1      | Reached skill level 2 in Axes
   291 | D:1      | Reached XP level 2. HP: 17/19 MP: 2/2
   503 | D:1      | Reached skill level 3 in Axes
   533 | D:1      | Reached XP level 3. HP: 23/23 MP: 3/3
   839 | D:1      | 839 ||| UPGRADING to +0 chain mail.
   849 | D:1      | 849 ||| DROPPING +0 scale mail.
   850 | D:1      | 850 ||| READING scroll labelled MOUNURA LITU.
   924 | D:2      | 924 ||| Stepping ~*~*~tactically~*~*~ (stealth).
  1082 | D:2      | Reached XP level 4. HP: 20/28 MP: 4/4
  1229 | D:2      | 1229 ||| Stepping ~*~*~tactically~*~*~ (stealth).
  1286 | D:2      | 1286 ||| Stepping ~*~*~tactically~*~*~ (stealth).
  1529 | D:2      | 1529 ||| UPGRADING to amulet of faith.
  1534 | D:2      | 1534 ||| READING scroll labelled XEPSUW LUUGOEV.
  1535 | D:2      | 1535 ||| READING scroll labelled DUOKICI MEKA VATS.
  1575 | D:3      | 1575 ||| Stepping ~*~*~tactically~*~*~ (stealth).
  1583 | D:3      | 1583 ||| Stepping ~*~*~tactically~*~*~ (hiding).
  1592 | D:3      | 1592 ||| STAIRDANCE
  1651 | D:3      | Reached skill level 4 in Axes
  1919 | D:3      | Found an opulent altar of Gozag.
  1950 | D:3      | Found Ilibby's Magic Scroll Shop.
  1958 | D:3      | 1958 ||| BUYING scroll of identify (22 gold).
  1958 | D:3      | Bought a scroll of identify for 22 gold pieces
  1958 | D:3      | 1958 ||| BUYING scroll of identify (22 gold).
  1958 | D:3      | Bought a scroll of identify for 22 gold pieces
  1958 | D:3      | 1958 ||| BUYING scroll of identify (22 gold).
  1958 | D:3      | Bought a scroll of identify for 22 gold pieces
  1958 | D:3      | 1958 ||| BUYING scroll of teleportation (33 gold).
  1958 | D:3      | Bought a scroll of teleportation for 33 gold pieces
  1996 | D:3      | Reached skill level 1 in Throwing
  2016 | D:3      | Reached XP level 5. HP: 24/32 MP: 5/5
  2215 | D:3      | 2215 ||| Stepping ~*~*~tactically~*~*~ (stealth).
  2216 | D:3      | 2216 ||| Stepping ~*~*~tactically~*~*~ (stealth).
  2335 | D:3      | Identified the orb of the Onion {light, Str+3}
  2340 | D:3      | Found a bloodstained altar of Trog.
  2341 | D:3      | Found a basalt altar of Yredelemnul.
  2360 | D:3      | 2360 ||| UPGRADING to +0 pair of gloves.
  2365 | D:3      | 2365 ||| DROPPING orb of the Onion {light, Str+3}.
  2366 | D:3      | 2366 ||| DROPPING amulet of guardian spirit.
  2367 | D:3      | 2367 ||| READING scroll labelled POLYATADDO.
  2368 | D:3      | 2368 ||| READING scroll labelled BEXAD OTIURCH.
  2369 | D:3      | 2369 ||| READING scroll labelled VACZUM LEOBIPP.
  2370 | D:3      | 2370 ||| READING scroll labelled YLLERH MUES.
  2371 | D:3      | 2371 ||| READING 3 scrolls of identify.
  2371 | D:3      | 2371 ||| IDENTIFYING silvery potion
  2372 | D:3      | 2372 ||| READING 2 scrolls of identify.
  2372 | D:3      | 2372 ||| IDENTIFYING murky ruby potion
  2373 | D:3      | 2373 ||| DROPPING potion of degeneration.
  2374 | D:3      | 2374 ||| DROPPING potion of berserk rage.
  2402 | D:4      | 2402 ||| STAIRDANCE
  2471 | D:4      | Noticed a lemure
  2479 | D:4      | Killed a lemure
  2481 | D:4      | Noticed Pikel
  2481 | D:4      | Noticed a lemure
  2481 | D:4      | Noticed a lemure
  2481 | D:4      | Noticed a lemure
  2487 | D:4      | Killed a lemure
  2487 | D:4      | HP: 8/32 [Pikel/+0 whip of freezing (1)]
  2488 | D:4      | 2488 ||| READING scroll of teleportation.
  2491 | D:4      | Killed a lemure
  2621 | D:4      | Reached skill level 5 in Axes
  2625 | D:4      | Reached XP level 6. HP: 15/38 MP: 6/6
  2626 | D:4      | HP: 7/38 [gnoll/+0 halberd[a gnoll bouda] (8)]
  2628 | D:4      | Slain by a gnoll

Levels and vault maps discovered:
D:1:      noname_arrival_rooms_in_the_neighbourhood, layout_basic
D:2:      layout_loops_cross
D:3:      layout_loops_ring, nicolae_overflow_hidden_temple, serial_shops, shop,
          minmay_cut_off
D:4:      layout_basic, okawaru_trees_2, minmay_temple_entry_statues_fountains,
          uniq_pikel, uniq_blork_the_orc

Skill      XL: |  1  2  3  4  5 |
---------------+----------------+-----
Axes           | 2 3 4 5 |  5.0
Throwing       | 1 |  1.0
Fighting       | |  3.9
Armour         | |  3.2
Shields        | |  3.2

Action                     |  1- 3 |  4- 6 || total
---------------------------+-------+-------++-------
  Melee: War axe           |   145 |   119 ||   264
  Throw: Javelin           |       |    31 ||    31
         Boomerang         |       |     7 ||     7
    Use: Scroll            |     1 |     9 ||    10
 Armour: Scale mail        |    53 |       ||    53
         Chain mail        |    18 |    92 ||   110
  Dodge: Dodged            |    56 |    60 ||   116
  Block: Buckler           |    31 |    28 ||    59

Table legend:
 A = Non-vault XP
 B = Vault XP
 C = Vault XP percentage of total XP
 D = Non-vault monster count
 E = Vault monster count
 F = Vault count percentage of total count
                 A         B        C        D         E       F
            +---------+---------+-------+---------+---------+-------
      Total |     319 |       7 |   2.1 |      78 |       4 |   4.9
            +---------+---------+-------+---------+---------+-------
        D:1 |      52 |       0 |   0.0 |      31 |       0 |   0.0
        D:2 |      45 |       3 |   6.2 |      21 |       1 |   4.5
        D:3 |     118 |       4 |   3.3 |      22 |       3 |  12.0
        D:4 |     104 |       0 |   0.0 |       4 |       0 |   0.0
            +---------+---------+-------+---------+---------+-------
